 Dungeon Crawl Stone Soup version 0.29.1-1-gd02db6906a (webtiles) character file.

Game seed: 16099098139929787135

3 NinjaNoafa the Grave Robber (level 1, 0/14 HPs)
             Began as a Ghoul Necromancer on Oct 10, 2022.
             Slain by a jackal (2 damage)
             ... on level 1 of the Dungeon.
             The game lasted 00:00:43 (144 turns).

NinjaNoafa the Grave Robber (Ghoul Necromancer)      Turns: 144, Time: 00:00:44

Health: 0/14       AC:  2    Str: 11    XL:     1   Next: 50%
Magic:  0/2        EV: 12    Int: 10    God:
Gold:   24         SH:  0    Dex:  9    Spells: 2/3 levels left

rFire   . . .      SeeInvis .   (no weapon)
rCold   + . .      Faith    .   (no shield)
rNeg    + + +      Spirit   .   a - +0 robe
rPois   ∞          Reflect  .   (no helmet)
rElec   .          Harm     .   (no cloak)
rCorr   .          Rampage  .   (no gloves)
Will    .....                   (no boots)
Stlth   ++........              (no amulet)
HPRegen 0.00/turn               (no ring)
MPRegen 0.08/turn               (no ring)

@: inhibited regen
A: claws 1, cold resistance 1, negative energy resistance 3, inhibited
regeneration, torment resistance 2, devour on kill
a: no special abilities


You were on level 1 of the Dungeon.
You visited 1 branch of the dungeon, and saw 1 of its levels.

You collected 24 gold pieces.

Inventory:

Armour
 a - a +0 robe (worn)


   Skills:
 - Level 1.7 Dodging
 - Level 2.1 Stealth
 + Level 1.9 Spellcasting
 + Level 4.1 Necromancy


You had 2 spell levels left.
You knew the following spells:

 Your Spells              Type           Power      Damage    Failure   Level
a - Necrotise             Necr           36%        1d5       6%          1

Your spell library contained the following spells:

 Spells                   Type           Power      Damage    Failure   Level
 Vampiric Draining        Necr           9%         2d6       17%         3
 Animate Dead             Necr           9%         N/A       50%         4
 Agony                    Necr           9%         N/A       85%         5


Dungeon Overview and Level Annotations

Branches:
Dungeon (1/15)

Altars:


Innate Abilities, Weirdness & Mutations

You are immune to poison.
You have sharp fingernails.
Your flesh is cold resistant. (rC+)
You are immune to negative energy. (rN+++)
You do not regenerate when monsters are visible.
You are immune to unholy pain and torment.
You thrive by killing the living.


Message History

Confirm with . or Enter, or press ? or * to list all spells.
Aiming: Necrotise (safe; 6% risk of failure)
Press: ? - help, Shift-Dir - straight line, f/p - jackal
Aim: a jackal (almost dead, chance to affect: 76%)
The jackal barely resists.
The jackal bites you.
* * * LOW HITPOINT WARNING * * *
Unknown command.
The jackal attacks as you move away!
The jackal bites you but does no damage.
The jackal closely misses you. The jackal attacks as you move away!
The jackal misses you. Magic courses through your body.
The jackal barely misses you. The jackal closely misses you.
Casting: Necrotise (safe; 6% risk of failure)
Confirm with . or Enter, or press ? or * to list all spells.
Aiming: Necrotise (safe; 6% risk of failure)
Press: ? - help, Shift-Dir - straight line, f/p - jackal
Aim: a jackal (almost dead, chance to affect: 76%)
The jackal barely resists.
The jackal bites you.
* * * LOW HITPOINT WARNING * * *
Unknown command.
Casting: Necrotise (safe; 6% risk of failure)
Confirm with . or Enter, or press ? or * to list all spells.
Aiming: Necrotise (safe; 6% risk of failure)
Press: ? - help, Shift-Dir - straight line, f/p - jackal
Aim: a jackal (almost dead, chance to affect: 76%)
The jackal barely resists.
The jackal misses you. The jackal barely misses you.
Casting: Necrotise (safe; 6% risk of failure)
Confirm with . or Enter, or press ? or * to list all spells.
Okay, then.
The jackal attacks as you move away! The jackal bites you.
* * * LOW HITPOINT WARNING * * *
You aren't carrying any scrolls.
You aren't carrying any scrolls.
You aren't carrying any potions.
The jackal attacks as you move away!
The jackal bites you but does no damage.
The jackal barely misses you. The jackal bites you.
You die...

#.# #.# ### ..# ##..
#.### #..#
#...######..##### ..##.
#.#.##..##..##... ..#.
#.###...##..##...'..< ...
#...@...##..##.)##...
..#######hh.##..'...#####
..# #.#.##..##..##### ♣.#
#h####..##....... ♣.##
#g# #..##.⌠.....
♣♣..#####.# #####...####
♣♣.†..gh...#### #...#
♣♣..##########.# ##.#####
♣♣..## #.# #......


You could see 3 jackals and a goblin.

Vanquished Creatures
  A jackal (D:1)
  A quokka (D:1)
  A ball python (D:1)
3 creatures vanquished.

Notes
Turn   | Place    | Note
-------+----------+-------------------------------------------
     0 | D:1      | NinjaNoafa the Ghoul Necromancer began the quest for the
                  | Orb.
     0 | D:1      | Reached XP level 1. HP: 14/14 MP: 2/2
   144 | D:1      | Slain by a jackal

Illustrated notes

Levels and vault maps discovered:
D:1:      dpeg_arrival_rooms_a, layout_loops_ring,
          dilly_ecumenical_altar_fadedgnrine, serial_shops, nicolae_square_shop,
          st_stairs_9

Action                   || total
-------------------------++-------
Melee: Unarmed           ||    13
 Cast: Necrotise         ||     7
  Use: Potion            ||     1
Armor: Robe              ||     9
Dodge: Dodged            ||    18
